 Dungeon Crawl Stone Soup version 0.29.1-12-g30fa7ad0bf (webtiles) character file.

Game seed: 12385624716883341148

354 wormed the Shooter (level 6, -1/49 HPs)
             Began as a Demonspawn Hunter on Dec 24, 2022.
             Slain by Edmund
             ... wielding a +1 flail of holy wrath
              (6 damage)
             ... on level 4 of the Dungeon.
             The game lasted 00:08:38 (3114 turns).

wormed the Shooter (Demonspawn Hunter)              Turns: 3114, Time: 00:08:38

Health: -1/49      AC:  7    Str: 11    XL:     6   Next: 35%
Magic:  6/6        EV: 12    Int: 11    God:
Gold:   243        SH:  0    Dex: 18    Spells: 5/5 levels left

rFire   . . .      SeeInvis .   a - +0 shortbow
rCold   . . .      Faith    .   (shield currently unavailable)
rNeg    . . .      Spirit   .   c - +0 leather armour
rPois   .          Reflect  .   d - +0 helmet
rElec   .          Harm     .   (no cloak)
rCorr   .          Rampage  .   j - +0 pair of gloves
Will    .....                   x - +0 pair of boots
Stlth   ++........              (no amulet)
HPRegen 0.16/turn               (no ring)
MPRegen 0.10/turn               (no ring)

@: no status effects
A: hooves 2, foul stench 1, sharp scales 1
a: no special abilities


You were on level 4 of the Dungeon.
You visited 1 branch of the dungeon, and saw 5 of its levels.

You collected 243 gold pieces.

Inventory:

Hand Weapons
 a - a +0 shortbow (weapon)
 t - a +0 whip of venom
Armour
 c - a +0 leather armour (worn)
 d - a +0 helmet (worn)
 j - a +0 pair of gloves (worn)
 x - a +0 pair of boots (worn)
Jewellery
 g - a ring of wizardry
Scrolls
 b - 2 scrolls of immolation
 f - 6 scrolls of identify {unknown}
 h - a scroll of poison {unknown}
 i - a scroll of magic mapping {unknown}
 l - a scroll of blinking {unknown}
 n - a scroll of teleportation {unknown}
 p - a scroll of amnesia {unknown}
 q - a scroll of noise {unknown}
 r - a scroll of enchant weapon {unknown}
Potions
 e - a potion of might {unknown}
 k - a potion of heal wounds {unknown}
 m - 2 potions of curing {unknown}
 o - 2 potions of degeneration {unknown}
 s - a potion of magic {unknown}
 u - a potion of berserk rage {unknown}
 v - a potion of brilliance {unknown}
 w - a potion of lignification {unknown}


   Skills:
 + Level 4.6 Fighting
 + Level 5.2 Ranged Weapons
 - Level 2.0 Armour
 - Level 2.0 Dodging
 - Level 1.0 Stealth


You had 5 spell levels left.
You didn't know any spells.
Your spell library contained the following spells:

 Spells                   Type           Power      Damage    Failure   Level
 Apportation              Tloc           0%         N/A       43%         1
 Foxfire                  Conj/Fire      0%         2x1d4     43%         1
 Sting                    Tmut/Pois      0%         1d3       43%         1
 Blink                    Tloc           0%         N/A       56%         2
 Poisonous Vapours        Pois/Air       0%         N/A       56%         2
 Conjure Flame            Conj/Fire      0%         6-21      80%         3
 Inner Flame              Hex/Fire       0%         N/A       80%         3
 Flame Wave               Conj/Fire      0%         2d4       99%         4
 Olgreb's Toxic Radiance  Pois           0%         N/A       99%         4
 Alistair's Intoxication  Tmut/Pois      0%         N/A       100%        5
 Manifold Assault         Tloc           0%         N/A       100%        5
 Storm Form               Tmut/Air       0%         N/A       100%        7


Dungeon Overview and Level Annotations

Branches:
Dungeon (5/15)
 Temple: D:4-7

Altars:
Fedhas
Hepliaklqana
Makhleb
Trog
Uskayaw
Xom

Shops:
D:3 *(

Annotations:
D:4 Edmund


Innate Abilities, Weirdness & Mutations

You have hoof-like feet.
You may rarely emit foul miasma when damaged in melee.
You are partially covered in razor-sharp scales. (AC +1, Slay +1)


Message History

Edmund is moderately wounded.
Edmund closely misses you.
Fire: a) +0 shortbow
Press: ? - help, Q - select action Shift-Dir - straight line, f/p - Edmund
Aim: Edmund, wielding a +1 flail of holy wrath and wearing a +0 chain mail (moderately wounded, 72% to hit)
You shoot an arrow. The arrow hits Edmund!
Edmund is heavily wounded.
Edmund hits you with a +1 flail of holy wrath!
You convulse.
Edmund barely misses you.
Fire: a) +0 shortbow
Press: ? - help, Q - select action Shift-Dir - straight line, f/p - Edmund
Aim: Edmund, wielding a +1 flail of holy wrath and wearing a +0 chain mail (heavily wounded, 72% to hit)
You shoot an arrow. The arrow hits Edmund.
Edmund is severely wounded.
Edmund hits you with a +1 flail of holy wrath!
You convulse!
Fire: a) +0 shortbow
Press: ? - help, Q - select action Shift-Dir - straight line, f/p - Edmund
Aim: Edmund, wielding a +1 flail of holy wrath and wearing a +0 chain mail (severely wounded, 72% to hit)
You shoot an arrow.
The arrow hits Edmund but does no damage.
Edmund is severely wounded.
Edmund hits you with a +1 flail of holy wrath!
* * * LOW HITPOINT WARNING * * *
You convulse.
* * * LOW HITPOINT WARNING * * *
Fire: a) +0 shortbow
Press: ? - help, Q - select action Shift-Dir - straight line, f/p - Edmund
Aim: Edmund, wielding a +1 flail of holy wrath and wearing a +0 chain mail (severely wounded, 72% to hit)
You shoot an arrow.
The arrow hits Edmund but does no damage.
Edmund is severely wounded.
Edmund barely misses you.
Fire: a) +0 shortbow
Press: ? - help, Q - select action Shift-Dir - straight line, f/p - Edmund
Aim: Edmund, wielding a +1 flail of holy wrath and wearing a +0 chain mail (severely wounded, 72% to hit)
You shoot an arrow. The arrow barely misses Edmund.
Edmund gestures with his flail.
Edmund hits you with a +1 flail of holy wrath.
You die...

.# .# ####### .# #....<#
.############ #.#####
.......(....# #.)..#
............# #..#.##
............# #.....#
............########...##
...............@@.......#
.....###########.###.#.##
.....### #.# #[#.#
.......# #.# #.#.#
.......# #.# #.#.##
.......# #.# #....#
.......# #.# ######
.......# #.# .......# #.#


You could see Edmund.

Vanquished Creatures
  Menkaure (D:5)
  2 hounds (D:4)
  2 iguanas (D:4)
  4 gnolls (D:2)
  2 adders (D:4)
  A dart slug (D:4)
  4 orcs
  5 endoplasms
  5 giant cockroaches
  5 goblins
  6 hobgoblins
  4 ball pythons
  5 bats
  3 frilled lizards
  4 kobolds
  5 rats
58 creatures vanquished.

Vanquished Creatures (others)
  A plant (D:4)
1 creature vanquished.

Grand Total: 59 creatures vanquished

Notes
Turn   | Place    | Note
-------+----------+-------------------------------------------
     0 | D:1      | wormed the Demonspawn Hunter began the quest for the Orb.
     0 | D:1      | Reached XP level 1. HP: 16/16 MP: 1/1
    27 | D:1      | Reached skill level 1 in Stealth
   106 | D:1      | Gained mutation: You have large cloven feet. [demonic
                  | ancestry]
   106 | D:1      | Reached XP level 2. HP: 22/22 MP: 2/2
   508 | D:1      | Found a faded altar of an unknown god.
   543 | D:1      | Reached skill level 1 in Armour
   757 | D:2      | Gained mutation: You have hoof-like feet. [demonic
                  | ancestry]
   757 | D:2      | Reached XP level 3. HP: 28/28 MP: 3/3
   894 | D:2      | Reached skill level 4 in Ranged Weapons
  1188 | D:2      | Gained mutation: You are partially covered in razor-sharp
                  | scales. (AC +1, Slay +1) [demonic ancestry]
  1188 | D:2      | Reached XP level 4. HP: 34/34 MP: 4/4
  1282 | D:3      | Found Wisios's General Store.
  1308 | D:3      | Identified the +2 ring mail of Elyvilon, Uplifting {Fly
                  | rElec rPois Dex-4}
  1337 | D:3      | Found a hide-covered altar of Uskayaw.
  1622 | D:3      | Found a bloodstained altar of Trog.
  1874 | D:3      | Found Heudam's Weapon Boutique.
  2145 | D:4      | Reached XP level 5. HP: 36/41 MP: 5/5
  2218 | D:4      | Found a blossoming altar of Fedhas.
  2219 | D:4      | Found a shimmering altar of Xom.
  2224 | D:4      | Found a burning altar of Makhleb.
  2665 | D:4      | Found a hazy altar of Hepliaklqana.
  2960 | D:5      | Entered Level 5 of the Dungeon
  2960 | D:5      | Noticed Menkaure
  2964 | D:5      | Killed Menkaure
  2965 | D:5      | Reached skill level 5 in Ranged Weapons
  2965 | D:5      | Gained mutation: You may rarely emit foul miasma when
                  | damaged in melee. [demonic ancestry]
  2965 | D:5      | Reached XP level 6. HP: 35/49 MP: 6/6
  3061 | D:5      | Noticed Edmund
  3114 | D:4      | Slain by Edmund

Illustrated notes

Levels and vault maps discovered:
D:1:      dpeg_arrival_houses_and_road, layout_loops_ring,
          dreamdust_ecumenical_altar_angels_and_demons
D:2:      layout_rooms
D:3:      layout_basic, lemuel_round_altar, mainiacjoe_overflow_alcove_1,
          serial_shops, nicolae_shop_statue_plus, shop
D:4:      layout_basic, mainiacjoe_overflow_alcove_2,
          gammafunk_temple_overflow_forgotten
D:5:      layout_loops_ring, minmay_temple_entry_nine_rooms,
          kennysheep_generic_room_11, uniq_edmund, uniq_menkaure

Skill      XL: |  1  2  3  4  5 |
---------------+----------------+-----
Stealth        | 1 |  1.0
Dodging        | 2 |  2.0
Armour         | 1 2 |  2.0
Ranged Weapons | 4 5 |  5.2
Fighting       | 3 4 |  4.6

Action                   |  1- 3 |  4- 6 || total
-------------------------+-------+-------++-------
 Fire: Shortbow          |    74 |   106 ||   180
Armor: Leather armour    |     5 |    11 ||    16
Dodge: Dodged            |    10 |    30 ||    40
